 Dungeon Crawl Stone Soup version 0.31-a0-1469-gd420192249 (webtiles) character file.

Game seed: 13497457677333286418

1517870 jestert79 the Slayer (level 27, 377/412 HPs)
             Began as an Oni Shapeshifter on Dec 27, 2023.
             Was an Initiate of Gozag.
             Escaped with the Orb
             ... and 3 runes on Dec 28, 2023!
             The game lasted 08:37:02 (84971 turns).

jestert79 the Slayer (Oni Shapeshifter)            Turns: 84971, Time: 08:37:02

Health: 377/412    AC: 38    Str: 28    XL:     27
Magic:  30/30      EV: 18    Int: 17    God:    Gozag
Gold:   2828       SH:  5    Dex:  6    Spells: 6/47 levels left

rFire   . .          .
                       - Unarmed
rCold   . . .        B - orb {mayhem}
rNeg    + . .        U - melded +5 moon troll leather armour {Spirit, Regen++ MP+5}
rPois   ∞            Q - +2 hat
rElec   +            X - +2 cloak {Will+}
rCorr   .            (gloves unavailable)
SInv    .            (boots unavailable)
Will    +++..        C - amulet of reflection
Stlth   +            f - ring of wizardry
HPRegen 0.88/turn    a - +5 ring of evasion
MPRegen 0.22/turn

%: mayhem, reflection, clarity, wizardry (x1)
@: statue-form, studying Air Magic, bribing [the Dungeon, the Realm of Zot, the
Depths], very slow
A: slow and powerful, torment resistance 1, boosted hp, large, unfitting armour,
horns 1, (tough skin 1), double potion healing, drunken brawling, (iridescent
scales 2), clarity, clumsy 1, deterioration 1, dopey 1, low MP 2
0: Orb of Zot
}: 3/15 runes: decaying, serpentine, silver
a: Begin Untransformation, Renounce Religion, Potion Petition, Call Merchant,
Bribe Branch


You escaped.
You worshipped Gozag.
Gozag was most pleased with you.
You were a living statue of rough stone.
You visited 10 branches of the dungeon, and saw 50 of its levels.
You visited the Abyss 1 time.
You visited 1 bazaar.
You also visited: Bailey, Ice Cave and Wizlab.

You collected 31641 gold pieces.
You spent 6215 gold pieces at shops.
You paid 22598 gold pieces to Gozag.

Inventory:

Missiles
 q - 129 large rocks (quivered)
 z - 8 throwing nets
Armour
 B - an orb of mayhem (worn)
 Q - a +2 hat (worn)
 U - the +5 moon troll leather armour (melded) {Spirit, Regen++ MP+5}
   (You took it off a moon troll in a wizard's laboratory)

   MP+5:      It affects your magic capacity (+5).
   Regen++:   It increases your rate of health regeneration.
 X - a +2 cloak of willpower (worn)
Jewellery
 a - a +5 ring of evasion (right fist)
 f - a ring of wizardry (left fist)
 i - a ring of flight
 l - the ring of the Prince of Darkness {rF+ MP+9 Int+3}
   (You bought it in a shop on level 2 of the Vaults)

   [ring of magical power]

   Int+3:     It affects your intelligence (+3).
   rF+:       It protects you from fire.
   MP+9:      It affects your magic capacity (+9).
 v - a ring of willpower
 x - the ring of Suspicion {rN+ Stlth+}
   (You found it in a wizard's laboratory)

   [ring of positive energy]

   rN+:       It protects you from negative energy.
   Stlth+:    It makes you more stealthy.
 C - an amulet of reflection (around neck)
 K - the ring "Imo Laleabe" {rF+ AC+4 Int+3}
   (You took it off an ironbound preserver on level 5 of the Vaults)

   [ring of protection]

   AC+4:      It affects your AC (+4).
   Int+3:     It affects your intelligence (+3).
   rF+:       It protects you from fire.
 M - the ring "Maenont" {rCorr Int+2 Dex+2}
   (You found it on level 5 of the Vaults)

   [ring of resist corrosion]

   Int+2:     It affects your intelligence (+2).
   Dex+2:     It affects your dexterity (+2).
   rCorr:     It protects you from acid and corrosion.
 W - the ring "Kullikog" {rPois rN++ Str-4 Dex+6 Slay+2}
   (You found it on level 5 of the Lair of Beasts)

   [ring of dexterity]

   Str-4:     It affects your strength (-4).
   Dex+6:     It affects your dexterity (+6).
   Slay+2:    It affects your accuracy & damage with ranged weapons and melee
   (+2).
   rPois:     It protects you from poison rN++: It greatly protects you from
   negative energy.
 Y - a ring of see invisible
Talismans
 T - a granite talisman (active)
Wands
 h - a wand of roots (69)
 J - a wand of light (24)
 S - a wand of digging (24)
Scrolls
 c - 5 scrolls of silence
 d - 3 scrolls of butterflies
 g - 16 scrolls of teleportation
 j - 9 scrolls of revelation
 p - 9 scrolls of fog
 r - 14 scrolls of vulnerability
 s - a scroll of immolation
 u - 5 scrolls of amnesia
 A - a scroll of torment
 F - 7 scrolls of poison
 N - 7 scrolls of blinking
 R - 5 scrolls of fear
 Z - 44 scrolls of identify
Potions
 b - 16 potions of lignification
 e - 11 potions of might
 k - 11 potions of attraction
 m - a potion of haste
 o - 17 potions of curing
 t - 4 potions of invisibility
 w - 2 potions of resistance
 y - 3 potions of berserk rage
 D - 3 potions of ambrosia
 E - 9 potions of brilliance
 G - 8 potions of magic
 H - 4 potions of heal wounds
 L - 9 potions of mutation
 P - 7 potions of enlightenment
Miscellaneous
 n - a phantom mirror
 I - a condenser vane
 O - a phial of floods


   Skills:
 + Level 25.9 Fighting
 - Level 5.0 Throwing
 + Level 19.4 Dodging
 + Level 20.7 Unarmed Combat
 + Level 10.6 Spellcasting
 * Level 12.3 Conjurations
 - Level 13.0 Necromancy
 - Level 4.0 Translocations
 - Level 6.8 Ice Magic
 - Level 11.0 Air Magic
 - Level 2.5 Earth Magic
 - Level 3.2 Alchemy
 - Level 5.0 Evocations
 + Level 21.6 Shapeshifting


You had 6 spell levels left.
You knew the following spells:

 Your Spells              Type           Power      Damage    Failure   Level
a - Orb of Destruction    Conj           25%        9d9       17%         7
c - Freezing Cloud        Conj/Ice/Air   21%        6-21      1%          5
d - Blink                 Tloc           44%        N/A       1%          2
e - Borgnjor's Vile Clut  Necr/Erth      17%        N/A       4%          5
f - Apportation           Tloc           44%        N/A       1%          1
g - Vhi's Electric Charg  Tloc/Air       68%        N/A       1%          4
h - Death Channel         Necr           26%        N/A       2%          6
i - Conjure Ball Lightni  Conj/Air       24%        3x3d7     4%          6
j - Irradiate             Conj/Alch      17%        3d17      3%          5

Your spell library contained the following spells:

 Spells                   Type           Power      Damage    Failure   Level
 Foxfire                  Conj/Fire      100%       2x1d9     1%          1
 Freeze                   Ice            100%       1d10      1%          1
 Kiss of Death            Conj/Necr      100%       2d13      1%          1
 Magic Dart               Conj           100%       1d8       1%          1
 Necrotise                Necr           100%       1d9       1%          1
 Shock                    Conj/Air       100%       1d9       1%          1
 Sting                    Conj/Alch      100%       1d9       1%          1
 Cigotuvi's Dreadful Rot  Necr/Alch/Air  78%        N/A       1%          2
 Ensorcelled Hibernation  Hex/Ice        40%        N/A       1%          2
 Lesser Beckoning         Tloc           44%        N/A       1%          2
 Mercury Vapours          Alch/Air       66%        N/A       1%          2
 Momentum Strike          Conj/Tloc      72%        3d10      1%          2
 Searing Ray              Conj           100%       2d8       1%          2
 Static Discharge         Conj/Air       96%        3-7/arc   1%          2
 Frozen Ramparts          Ice            64%        1d10      1%          3
 Fugue of the Fallen      Necr           52%        N/A       1%          3
 Hailstorm                Conj/Ice       41%        3d9       1%          3
 Mephitic Cloud           Conj/Alch/Air  39%        N/A       1%          3
 Stone Arrow              Conj/Erth      68%        3d11      1%          3
 Swiftness                Air            46%        N/A       1%          3
 Vampiric Draining        Necr           52%        2d9       1%          3
 Airstrike                Air            23%        2d(4-20)  1%          4
 Brom's Barrelling Bould  Conj/Erth      34%        2d5       1%          4
 Dispel Undead            Necr           52%        3d19      1%          4
 Fulminant Prism          Conj/Alch      17%        3d10      1%          4
 Iskenderun's Mystic Bla  Conj/Tloc      36%        2d9       1%          4
 Arcjolt                  Conj/Air       24%        1d34      1%          5
 Curse of Agony           Necr           52%        N/A       1%          5
 Iskenderun's Battlesphe  Conj           50%        2d10      1%          5
 Summon Ice Beast         Ice/Summ       20%        N/A       2%          3
 Anguish                  Hex/Necr       15%        N/A       2%          4
 Flame Wave               Conj/Fire      29%        2d9       2%          4
 Martyr's Knell           Necr/Summ      31%        N/A       2%          4
 Slow                     Hex            36%        N/A       3%          1
 Summon Small Mammal      Summ           36%        N/A       3%          1
 Summon Lightning Spire   Summ/Air       27%        N/A       3%          4
 Scorch                   Fire           18%        2d5       4%          2
 Volatile Blastmotes      Fire/Tloc      30%        2d12      4%          3
 Fireball                 Conj/Fire      14%        3d8       8%          5
 Olgreb's Toxic Radiance  Alch           20%        N/A       9%          4
 Call Canine Familiar     Summ           9%         N/A       10%         3
 Confusing Touch          Hex            9%         N/A       10%         3
 Inner Flame              Hex/Fire       9%         N/A       10%         3
 Sigil of Binding         Hex            9%         N/A       10%         3
 Tukima's Dance           Hex            9%         N/A       10%         3
 Leda's Liquefaction      Alch/Erth      9%         N/A       10%         4
 Petrify                  Alch/Erth      18%        N/A       10%         4
 Dimensional Bullseye     Hex/Tloc       7%         N/A       14%         4
 Sticky Flame             Fire/Alch      14%        2d5       16%         4
 Animate Armour           Summ/Erth      26%        N/A       19%         4
 Metabolic Englaciation   Hex/Ice        10%        N/A       22%         5
 Bombard                  Conj/Erth      17%        9d3       24%         6
 Summon Blazeheart Golem  Fire/Summ      9%         N/A       32%         4
 Lee's Rapid Deconstruct  Erth           8%         3d7*      32%         5
 Summon Forest            Summ/Tloc      7%         N/A       36%         5
 Starburst                Conj/Fire      14%        6d6       36%         6
 Plasma Beam              Fire/Air       13%        2x1d24    45%         6
 Summon Mana Viper        Hex/Summ       9%         N/A       63%         5
 Eringya's Noxious Bog    Alch           10%        4d6       75%         6
 Summon Cactus Giant      Summ           4%         N/A       99%         6
 Borgnjor's Revivificati  Necr           26%        N/A       67%         8
 Ozocubu's Refrigeration  Ice            16%        4d11      82%         7
 Monstrous Menagerie      Summ           4%         N/A       100%        7
 Summon Hydra             Summ           4%         N/A       100%        7
 Discord                  Hex            4%         N/A       100%        8
 Disjunction              Tloc           11%        N/A       100%        8
 Lehudib's Crystal Spear  Conj/Erth      17%        10d5      100%        8
 Polar Vortex             Ice            16%        12d2*     100%        9
 Sublimation of Blood     Necr           Unusable   N/A       N/A         2
 Animate Dead             Necr           Unusable   N/A       N/A         4

Dungeon Overview and Level Annotations

Branches:
Dungeon (15/15)            Temple (0/1) D:6            Lair (5/5) D:10
  Swamp (4/4) Lair:3        Snake (4/4) Lair:2        Slime (0/5) Lair:4
    Orc (2/2) D:9             Elf (3/3) Orc:2        Vaults (5/5) D:13
  Crypt (3/3) Vaults:3       Tomb (0/3) Crypt:3      Depths (4/4) D:15
    Zot (5/5) Depths:4     Bailey (visited)           IceCv (visited)
 WizLab (visited)

Altars:
Ashenzari
Cheibriados
Dithmenos
Elyvilon
Fedhas
Gozag
Hepliaklqana
Kikubaaqudgha
Nemelex Xobeh
Okawaru
Qazlal
Sif Muna
Xom
Yredelemnul
The Shining One
Jiyva

Shops:
D:7 =   D:11 *   D:13 *   Orc:2 (=?*=   Elf:3 =*[   Snake:3 *=:=   Vaults:2 =

Portals:
Hell: Depths:1 Depths:2 Depths:3 Depths:4
Abyss: Depths:1 Depths:3
Pandemonium: Orc:2 Depths:1 Depths:2
Ziggurat: Depths:2
Trove: D:14 (give horn of Geryon)

Annotations:
D:14 3 runed translucent doors, exclusion: 3 doors, Kibis's ghost, journeyman DsGl
Swamp:1 2 transporters, exclusion: orange crystal statue
Snake:1 exclusion: oklob plant
Snake:4 Vashnia
Depths:1 1 runed translucent door
Depths:3 exclusion: door


Innate Abilities, Weirdness & Mutations

You are a living statue of rough stone.
Your actions are slow, but your melee attacks are powerful.
You are resistant to unholy torment.
Your maximum health is greatly increased.
Your equipment is partially melded.
You are too large for most types of armour.
You are immune to poison.
You have a pair of small horns on your head.
((You have tough skin. (AC +1)))
You gain doubled healing and magic from potions.
Whenever you drink a healing potion, you attack all around you.
((You are mostly covered in iridescent scales. (AC +4)))
You possess an exceptional clarity of mind.
You are clumsy. (Dex -2)
Your body sometimes deteriorates upon taking damage.
You are dopey. (Int -2)
Your magical capacity is very low. (-20% MP)


Message History

You squash the hellion like an ant!!!
You kill the hellion!
The rakshasa flies into a frenzy!
The rakshasa closely misses you.
Unknown command.
The rakshasa attacks as it pursues you! The rakshasa completely misses you.
The rakshasa is distracted by your dazzling golden aura.
You see here 4 gold pieces.
Unknown command.
The rakshasa is no longer distracted by gold.
The rakshasa hits you but does no damage.
The rakshasa attacks as it pursues you!
The rakshasa hits you but does no damage.
The rakshasa hits you from afar with a +0 trident.
The rakshasa completely misses you.
The rakshasa hits you but does no damage.
The rakshasa hits you from afar with a +0 trident.
The rakshasa attacks as it pursues you!
The rakshasa hits you from afar with a +0 trident!
The rakshasa hits you from afar with a +0 trident!!
The rakshasa attacks as it pursues you! The rakshasa barely misses you.
The rakshasa hits you but does no damage.
The rakshasa attacks as it pursues you!
The rakshasa hits you from afar with a +0 trident!
The rakshasa hits you from afar with a +0 trident.
Aiming: Dig
Press: ? - help, Shift-Dir - straight line A rock wall.
This square is covered in magical glow.
The rock shatters into small pieces.
The rakshasa hits you but does no damage.
The rakshasa completely misses you.
Unknown command.
The rakshasa is no longer moving quickly.
The rakshasa no longer looks unusually strong.
Your rakshasa is no longer in an wild frenzy.
You swap places.
You swap places.
Your rakshasa looks more energetic.
There is a staircase leading out of the dungeon here.
You have escaped!

# #.....########.########.....# #
#....#.####.......### ##....# #
#...###.#...........## ##..># #
#...# ##....#####....## #...#
#...# #...#########...# #...#
#..####..#........##..####..#
#..# #...#..##'##..#...# #..#
###..# #..##.#....##.##..# #..#
.....# #..##.##R8.##.##..# #..#
####.# #..##.##...##.##..# #..#
.....# #...#..#####..#...# #..#
##...####..##.......##..####..#
.#.#..# #...####.####...# #...#
.#.#..# ##....##'##....## #...#
.#.#..## ##...........## ##...#
##.#...## ###.......### ##....###
...#....#################........


You could see a friendly rakshasa.

Vanquished Creatures
  8 dread liches
  An ancient lich (Vaults:3)
  2 orbs of fire
  2 juggernauts
  Mennas (Depths:4)
  The ghost of Zeothysh the Earth Mage, a veteran FoEE of Vehumet (Elf:1)
  Saint Roka (Orc:2)
  3 caustic shrikes (Depths:4)
  9 golden dragons
  18 tentacled monstrosities
  3 electric golems
  A moon troll (WizLab)
  5 liches
  8 Orb Guardians
  Jorgrun (Orc:2)
  A walking frostbound tome (Depths:3)
  3 deep elf blademasters (Elf:3)
  The ghost of Vuskak the Phalangite, an adept HuBe of Trog (Snake:4)
  7 quicksilver dragons
  10 death cobs
  7 sphinxes
  The ghost of Pooter the Severer, an adept MiBe of Trog (Snake:4)
  An Executioner (Depths:2)
  2 deep elf master archers (Elf:3)
  3 tentacled starspawn (WizLab)
  2 ancient champions (Crypt:2)
  A thorn hunter (Swamp:3)
  7 shadow dragons
  4 tengu reavers
  Aizul (Snake:2)
  Kirke (Elf:1)
  Roxanne (Elf:2)
  2 draconian monks
  4 protean progenitors
  5 storm dragons
  An azure jelly (Swamp:4)
  3 nagarajas (Snake:4)
  3 fenstrider witches
  11 deep elf sorcerers
  An iron dragon (Vaults:5)
  6 draconian knights
  4 draconian shifters
  6 frost giants
  10 vault wardens
  4 draconian scorchers
  7 fire giants
  2 cacodemons
  A ghost moth (Zot:4)
  4 curse skulls
  2 ghouls (Crypt:2)
  3 draconian stormcallers
  3 deep elf elementalists
  A spriggan defender (Depths:2)
  4 formless jellyfish
  8 draconian annihilators
  17 ironbound preservers
  24 stone giants
  16 very ugly things
  3 ironbound thunderhulks (Vaults:4)
  12 vampire knights
  2 grey draconians (Depths:4)
  4 deep elf demonologists
  9 black draconians
  A lorocyproca (Abyss:2)
  5 green draconians
  5 deep elf death magi
  6 eleionomae
  10 white draconians
  6 dire elephants
  6 war gargoyles
  9 deep elf annihilators (Elf:3)
  13 purple draconians
  6 red draconians
  6 bunyips
  2 starcursed masses
  Azrael (Snake:1)
  3 eidola
  4 spark wasps
  6 ettins
  18 yellow draconians
  A green death (Depths:2)
  4 crystal guardians
  A quicksilver dragon zombie (D:15)
  6 jiangshi
  Josephine (Lair:5)
  12 vault guards
  6 fire dragons
  Erolcha (D:10)
  9 great orbs of eyes
  2 entropy weavers
  3 peacekeepers (Vaults:4)
  9 yaktaur captains
  3 deep elf high priests
  2 salamander tyrants (Snake:4)
  9 ice dragons
  A quicksilver dragon skeleton (Crypt:3)
  10 hydras
  5 ironbound frosthearts
  2 rakshasas (Depths:3)
  A boulder beetle (D:11)
  9 alligators
  13 centaur warriors
  3 ghost crabs
  5 catoblepae
  2 spriggan skeletons
  Erica (D:10)
  A demonspawn (Orc:2)
  6 spriggan air magi
  3 anacondas
  3 two-headed ogres
  29 dancing weapons
  11 death yaks
  4 death knights
  A titan zombie (Depths:2)
  3 deep troll shamans
  4 tengu warriors
  7 naga warriors
  An Orb Guardian skeleton (Crypt:2)
  7 naga sharpshooters
  8 deep troll earth magi
  8 vampire magi
  A demonic crawler (D:14)
  6 orc high priests (Orc:2)
  2 occultists (Depths:3)
  12 deep elf knights
  Amaemon (Lair:2)
  2 soul eaters
  A titan skeleton (Crypt:3)
  12 hell knights
  4 shock serpents
  A skyshark (Lair:4)
  7 iron trolls
  16 skeletal warriors
  3 salamander mystics
  4 wretched stars
  3 sea snakes (Snake:1)
  Lodul (D:10)
  2 goliath frogs
  A storm dragon skeleton (Vaults:3)
  An orange crystal statue (WizLab)
  12 flayed ghosts
  A sun moth (shapeshifter) (Elf:2)
  7 large abominations
  A shadow wraith (Crypt:1)
  3 spriggan druids
  A skyshark (shapeshifter) (Vaults:1)
  45 deep trolls
  13 glowing orange brains
  10 deep elf archers
  6 orc knights
  3 swamp dragons
  12 phantasmal warriors
  4 bog bodies
  4 arcanists
  A bunyip skeleton (Crypt:3)
  13 ironbound convokers
  23 deep elf zephyrmancers
  8 necromancers
  5 lindwurms
  A golden dragon skeleton (Crypt:3)
  3 naga ritualists
  A wolf spider (shapeshifter) (Vaults:5)
  28 deep elf pyromancers
  4 cyclopes
  3 will-o-the-wisps
  36 ugly things
  11 mana vipers
  6 orc sorcerers
  21 salamanders
  A faun (shapeshifter) (Depths:2)
  An alligator skeleton (Crypt:1)
  6 manticores
  4 elephants (Lair:3)
  15 black mambas
  20 moths of wrath
  A fire giant skeleton (Vaults:3)
  A salamander (shapeshifter) (D:14)
  4 eyes of devastation (WizLab)
  3 guardian serpents
  13 naga magi
  10 smoke demons
  An ice statue (IceCv)
  21 vault sentinels
  2 rust devils (Orc:2)
  2 orange demons
  6 gargoyles
  A torpor snail (shapeshifter) (Vaults:5)
  An apocalypse crab (Abyss:2)
  9 cane toads
  A torpor snail (Lair:2)
  A green draconian zombie (Crypt:1)
  A yaktaur (shapeshifter) (Elf:1)
  4 unseen horrors
  A yaktaur zombie (Vaults:3)
  A hellion (D:1)
  2 rime drakes (Lair:5)
  9 komodo dragons
  20 yaktaurs
  Jeremiah (D:8)
  A komodo dragon (shapeshifter) (D:15)
  10 freezing wraiths
  2 tengu conjurers
  4 efreet
  3 anaconda simulacra (IceCv)
  An ancient zyme (Abyss:2)
  2 guardian mummies (Crypt:3)
  11 ice devils
  3 red devils (Crypt:3)
  A red draconian skeleton (Crypt:2)
  A polar bear (Lair:2)
  6 trolls
  5 hornets
  10 tyrant leeches
  3 wind drakes (shapeshifter)
  A glass eye (shapeshifter) (Vaults:4)
  3 raiju (Abyss:2)
  12 blink frogs
  A snapping turtle (Zot:3)
  4 dream sheep (Lair:5)
  A jumping spider (shapeshifter) (Elf:1)
  Sigmund (D:4)
  A culicivora (Vaults:5)
  2 air elementals
  6 shadows
  16 wraiths
  A ynoxinul (Abyss:2)
  A dire elephant simulacrum (IceCv)
  21 slime creatures
  A spriggan (shapeshifter) (Elf:1)
  3 wyverns
  2 vampires (D:12)
  3 water elementals
  An ushabti (Crypt:3)
  A hog (Elf:1)
  2 fire bats (shapeshifter) (Elf:1)
  6 golden eyes (WizLab)
  90 yaks
  7 swamp worm simulacra (Swamp:4)
  A redback (Vaults:5)
  3 basilisks
  8 fire elementals
  4 neqoxecs
  2 death yak simulacra (IceCv)
  20 vampire mosquitoes
  3 chaos spawn
  4 harpy simulacra (IceCv)
  11 swamp worms
  30 nagas
  4 acid dragons
  A naga skeleton (Crypt:3)
  18 hydra simulacra
  12 water moccasins
  A deep troll zombie (Crypt:2)
  Duvessa (D:4)
  4 hell hounds
  27 orc warriors
  A human skeleton (Vaults:3)
  A fire bat skeleton (Crypt:2)
  4 ice beasts
  A black bear (D:4)
  An elephant zombie (Crypt:2)
  15 ogres
  4 small abominations
  17 wolves
  3 boggarts (Vaults:1)
  3 laughing skulls (Crypt:1)
  A manticore skeleton (Crypt:1)
  7 centaurs
  7 bullfrogs
  A rime drake skeleton (Crypt:1)
  A brain worm (Abyss:2)
  An earth elemental (Elf:2)
  11 gnoll sergeants
  4 cane toad simulacra (IceCv)
  5 scorpions
  An elf skeleton (Crypt:1)
  18 wights
  Dowan (D:4)
  A troll skeleton (Crypt:2)
  8 elephant simulacra (IceCv)
  2 electric eels (Snake:1)
  A howler monkey (D:11)
  3 bombardier beetles
  A jelly (D:7)
  8 gnoll boudas
  24 orc priests
  3 hounds
  3 iguanas
  2 sleepcaps (D:5)
  A black bear skeleton (Crypt:2)
  Ijyb (D:5)
  16 orc wizards
  2 spriggan simulacra (IceCv)
  2 troll simulacra (IceCv)
  3 polar bear simulacra (IceCv)
  3 wolf simulacra (IceCv)
  A deep dwarf zombie (Crypt:1)
  2 boggart simulacra
  5 mummies (Crypt:3)
  34 gnolls
  9 adders
  16 white imps
  6 ufetubi
  A swamp drake simulacrum (Swamp:4)
  An iguana skeleton (Crypt:2)
  2 worms
  4 dart slugs
  63 orcs
  A bat (D:1)
  9 endoplasms
  2 giant cockroaches
  11 goblins
  8 hobgoblins
  2 jackals (D:4)
  12 kobolds
  A quokka (D:4)
  6 ball pythons
  5 frilled lizards
  4 rats
  An aspiring flesh (Zot:3)
  3 starspawn tentacles (WizLab)
1957 creatures vanquished.

Vanquished Creatures (collateral kills)
  A pandemonium lord (Zot:5)
  A juggernaut (Depths:2)
  A Killer Klown (Zot:5)
  A caustic shrike (Depths:4)
  An electric golem (Zot:5)
  2 tentacled monstrosities
  A Hell Sentinel (Zot:2)
  12 Orb Guardians (Zot:5)
  A lich (Depths:2)
  2 quicksilver dragons
  2 death cobs
  2 sphinxes
  2 tentacled starspawn (WizLab)
  A protean progenitor (Zot:3)
  A tengu reaver (Vaults:5)
  2 storm dragons
  A nagaraja (Snake:4)
  A fire giant (Depths:3)
  A draconian shifter (Zot:4)
  3 vault wardens
  2 iron dragons
  A draconian scorcher (Zot:5)
  2 balrugs
  A ghost moth (Zot:5)
  3 draconian annihilators
  A reaper (Depths:4)
  A spriggan defender (Depths:4)
  A draconian stormcaller (Zot:5)
  4 ironbound preservers
  7 very ugly things
  A ghoul (Crypt:2)
  The ghost of Kog Saon the Severer, a journeyman HOMo of Beogh (Vaults:3)
  3 stone giants
  4 green draconians
  4 black draconians
  3 yellow draconians
  A deep elf death mage (Crypt:1)
  A deep elf demonologist (Elf:3)
  4 purple draconians
  2 red draconians
  2 white draconians
  3 ettins
  A crystal guardian (Vaults:4)
  A blizzard demon (Zot:1)
  3 fire dragons
  3 jiangshi (Crypt:1)
  A deep elf high priest (Vaults:5)
  2 yaktaur captains
  5 vault guards (Vaults:5)
  4 great orbs of eyes
  An ironbound frostheart (Vaults:3)
  2 spriggan air magi
  5 centaur warriors
  6 deep troll shamans
  An occultist (Depths:1)
  A tengu warrior (Depths:2)
  2 deep troll earth magi
  2 sun demons (Zot:5)
  4 hell knights
  9 iron trolls
  A cherub (Zot:5)
  A shadow wraith (Vaults:5)
  12 deep trolls
  2 ironbound convokers (Vaults:1)
  A bog body (Crypt:2)
  A tengu zombie (Depths:2)
  2 naga ritualists (Snake:4)
  2 flayed ghosts
  3 arcanists
  A deep elf archer (Elf:1)
  5 phantasmal warriors
  An orc knight (Vaults:5)
  A glowing orange brain (D:14)
  A deep elf zephyrmancer (Elf:2)
  4 deep elf pyromancers
  A fire giant zombie (Depths:2)
  A salamander (Snake:4)
  11 ugly things
  2 moths of wrath (Zot:4)
  2 guardian serpents (Snake:4)
  A shock serpent zombie (Crypt:1)
  3 smoke demons (Crypt:3)
  An elephant (shapeshifter) (D:14)
  4 eyes of devastation
  2 vault sentinels
  An elf zombie (Vaults:3)
  A freezing wraith (Crypt:2)
  6 yaktaurs
  A tengu conjurer (Depths:1)
  A hellwing (Zot:5)
  A bloated husk (Swamp:2)
  A hornet (Depths:4)
  A snapping turtle (Zot:3)
  A harpy skeleton (Crypt:3)
  2 spriggan zombies (D:15)
  A spriggan (Depths:4)
  A wyvern (Depths:4)
  A water elemental (Depths:1)
  A small abomination (Depths:1)
  A redback (Vaults:5)
  A vampire mosquito (Swamp:2)
  A chaos spawn (Depths:1)
  An acid dragon (Depths:4)
  2 orc warriors (Vaults:5)
  A boggart (Vaults:1)
  A lindwurm skeleton (Crypt:2)
  A rime drake skeleton (Crypt:1)
  An orc priest (Vaults:5)
  3 mummies (Crypt:3)
  An orc (Vaults:5)
  A quokka (D:4)
  A rat (D:1)
  2 aspiring fleshes (Zot:3)
248 creatures vanquished.

Vanquished Creatures (others)
  A dread lich (Zot:5)
  2 orbs of fire (Zot:5)
  An ancient lich (Zot:5)
  5 Killer Klowns (Zot:5)
  A golden dragon (Zot:4)
  3 titans (Vaults:5)
  6 Orb Guardians (Zot:5)
  4 quicksilver dragons
  A sphinx (Vaults:5)
  A shadow dragon (Vaults:5)
  2 tengu reavers (Vaults:5)
  2 draconian knights (Zot:5)
  A fire giant (Vaults:4)
  A protean progenitor (Zot:5)
  A deep elf sorcerer (Vaults:5)
  4 draconian scorchers
  2 vault wardens (Vaults:5)
  An angel (Zot:1)
  A draconian annihilator (Zot:5)
  An ironbound preserver (Vaults:3)
  An ironbound thunderhulk (Vaults:5)
  3 stone giants
  A very ugly thing (Depths:2)
  4 red draconians
  3 yellow draconians (Zot:5)
  2 black draconians
  4 purple draconians
  A dire elephant (Vaults:3)
  2 white draconians (Zot:5)
  2 ettins (Vaults:5)
  11 vault guards
  A yaktaur captain (Vaults:5)
  A hydra (Swamp:2)
  A jiangshi (Crypt:1)
  2 ice dragons (Zot:5)
  A spriggan air mage (Depths:4)
  A centaur warrior (Vaults:3)
  A deep troll shaman (Depths:4)
  A hell knight (Depths:2)
  A deep elf knight (Elf:2)
  2 deep trolls
  2 glowing orange brains
  An ironbound convoker (Vaults:3)
  A deep elf archer (Elf:1)
  4 deep elf pyromancers
  A phantasmal warrior (Vaults:5)
  An ugly thing (Vaults:4)
  2 moths of wrath
  A large abomination (Zot:5)
  An unseen horror (Depths:1)
  2 yaktaurs (Vaults:4)
  A bloated husk (Swamp:4)
  A dream sheep (Vaults:3)
  A glass eye (Depths:2)
  A spriggan (Swamp:2)
  A wyvern (Depths:4)
  A redback (Vaults:3)
  A chaos spawn (Depths:1)
  A small abomination (D:4)
  A centaur (D:15)
  6 ball lightnings
  6 foxfires
  18 starspawn tentacles
142 creatures vanquished.

Grand Total: 2347 creatures vanquished

Notes
Turn   | Place    | Note
-------+----------+-------------------------------------------
     0 | D:1      | jestert79 the Oni Shapeshifter began the quest for the Orb.
     0 | D:1      | Reached XP level 1. HP: 19/19 MP: 1/1
   349 | D:1      | Reached XP level 2. HP: 27/27 MP: 2/2
   446 | D:1      | Found a faded altar of an unknown god.
   454 | D:1      | Prayed at the altar of an unknown god.
   454 | D:1      | Became a worshipper of Gozag Ym Sagoz the Greedy
   967 | D:2      | Reached XP level 3. HP: 33/33 MP: 3/3
  1082 | D:2      | Found an ancient bone altar of Kikubaaqudgha.
  1357 | D:2      | Reached XP level 4. HP: 29/41 MP: 4/4
  2062 | D:3      | Reached XP level 5. HP: 35/48 MP: 5/5
  2871 | D:4      | Noticed a black bear
  2894 | D:4      | Noticed Dowan
  2896 | D:4      | Killed a black bear
  2897 | D:4      | Reached XP level 6. HP: 36/55 MP: 6/6
  2947 | D:4      | Noticed Sigmund
  2981 | D:3      | Reached skill level 5 in Shapeshifting
  3022 | D:4      | Reached skill level 5 in Unarmed Combat
  3116 | D:4      | Learned a level 2 spell: Mercury Vapours
  3158 | D:4      | Noticed Duvessa
  3187 | D:4      | Killed Duvessa
  3188 | D:4      | Reached XP level 7. HP: 36/62 MP: 1/7
  3231 | D:4      | Killed Dowan
  3349 | D:4      | Found a blossoming altar of Fedhas.
  3352 | D:4      | Found a shimmering blue altar of Sif Muna.
  3353 | D:4      | Found a snail-covered altar of Cheibriados.
  3355 | D:4      | Found a shimmering altar of Xom.
  3752 | D:5      | Entered Level 5 of the Dungeon
  3764 | D:5      | Found a shadowy altar of Dithmenos.
  4044 | D:5      | Reached XP level 8. HP: 24/70 MP: 5/8
  4381 | D:5      | Noticed Ijyb
  4385 | D:5      | Killed Ijyb
  4406 | D:5      | Reached skill level 2 in Fighting
  5365 | D:6      | Found a staircase to the Ecumenical Temple.
  5444 | D:6      | Reached skill level 3 in Fighting
  6808 | D:7      | Found an iron altar of Okawaru.
  6834 | D:7      | Found a runed translucent door.
  6839 | D:7      | Found the +0 toga "Victory" {*Victory Clar}
  6870 | D:7      | Reached XP level 9. HP: 67/84 MP: 9/9
  6873 | D:7      | Reached skill level 4 in Fighting
  7060 | D:7      | Noticed a hornet
  7065 | D:7      | Paralysed by a hornet for 2 turns
  7069 | D:7      | Paralysed by a hornet for 1 turns
  7072 | D:7      | Killed a hornet
  7073 | D:7      | Reached skill level 1 in Air Magic
  7073 | D:7      | Reached skill level 1 in Alchemy
  7594 | D:7      | Found Odussit's Jewellery Boutique.
  7598 | D:7      | Bought an amulet of reflection for 330 gold pieces
  7639 | D:7      | Reached skill level 5 in Fighting
  8328 | D:7      | Bought a +5 ring of evasion for 396 gold pieces
  8692 | D:8      | Learned a level 3 spell: Mephitic Cloud
  8726 | D:8      | Noticed Jeremiah
  8732 | D:8      | Killed Jeremiah
  8733 | D:8      | Reached skill level 6 in Fighting
  8772 | D:8      | Reached skill level 1 in Conjurations
  8776 | D:8      | Reached XP level 10. HP: 97/98 MP: 5/10
  9235 | D:9      | Noticed a two-headed ogre
  9245 | D:9      | Killed a two-headed ogre
  9246 | D:9      | Reached skill level 7 in Fighting
  9246 | D:9      | Reached skill level 5 in Dodging
  9324 | D:9      | Noticed a two-headed ogre
  9461 | D:9      | Found a flagged portal.
  9489 | D:9      | Killed a two-headed ogre
  9598 | Bailey   | Entered a bailey
 10033 | Bailey   | Reached XP level 11. HP: 108/111 MP: 11/11
 10169 | Bailey   | Identified the staff of Anloil {rPois rCorr Conj Hexes}
 10328 | D:9      | Reached skill level 8 in Fighting
 10493 | D:9      | Found a hazy altar of Hepliaklqana.
 10729 | D:9      | Found a staircase to the Orcish Mines.
 10757 | D:10     | Entered Level 10 of the Dungeon
 10994 | D:10     | Learned a level 5 spell: Freezing Cloud
 11016 | D:10     | Noticed Lodul
 11027 | D:10     | Killed Lodul
 11028 | D:10     | Reached skill level 10 in Unarmed Combat
 11034 | D:10     | Reached skill level 9 in Fighting
 11184 | D:10     | Noticed Erolcha
 11189 | D:10     | Killed Erolcha
 11403 | D:10     | Found a staircase to the Lair.
 11620 | D:10     | Noticed Erica
 11634 | D:10     | Killed Erica
 11635 | D:10     | Reached skill level 1 in Spellcasting
 11644 | D:10     | Learned a level 2 spell: Blink
 11748 | D:10     | Reached skill level 1 in Ice Magic
 11758 | D:10     | Reached XP level 12. HP: 123/126 MP: 10/14
 12333 | Lair:1   | Entered Level 1 of the Lair of Beasts
 12333 | Lair:1   | Noticed a death yak
 12333 | Lair:1   | Noticed a death yak
 12333 | Lair:1   | Noticed a death yak
 12333 | Lair:1   | Noticed a death yak
 12346 | D:10     | Killed a death yak
 12347 | D:10     | Reached skill level 10 in Fighting
 12445 | Orc:1    | Entered Level 1 of the Orcish Mines
 12780 | Orc:2    | Entered Level 2 of the Orcish Mines
 12850 | Orc:2    | Found Virof's Jewellery Emporium.
 12855 | Orc:2    | Noticed Saint Roka
 13234 | Orc:2    | Noticed Jorgrun
 13252 | Orc:2    | Killed Jorgrun
 13542 | Orc:2    | HP: 5/127 [Saint Roka/divine providence (11)]
 13544 | Orc:2    | Killed Saint Roka
 13954 | Orc:2    | Found a staircase to the Elven Halls.
 14401 | Orc:2    | Reached skill level 11 in Fighting
 14579 | Orc:2    | Found Lyseoh's Magic Scroll Emporium.
 14691 | Orc:2    | Found Pines's General Store.
 14757 | Orc:2    | Bought a scroll of blinking for 90 gold pieces
 14757 | Orc:2    | Bought a scroll of identify for 24 gold pieces
 14860 | Orc:2    | Reached skill level 5 in Air Magic
 14958 | Orc:2    | Noticed an orc high priest
 14958 | Orc:2    | Noticed a soul eater
 14968 | Orc:2    | Killed an orc high priest
 14995 | Orc:2    | Killed a soul eater
 15006 | Orc:2    | Reached XP level 13. HP: 75/137 MP: 13/17
 15007 | Orc:2    | Reached skill level 5 in Conjurations
 15908 | Orc:2    | Found Ukewed's Jewellery Shop.
 15908 | Orc:2    | Found a one-way gate leading to the halls of Pandemonium.
 15908 | Orc:2    | Found Onistum's Antique Weapon Boutique.
 16062 | Lair:1   | Reached skill level 12 in Fighting
 16275 | Lair:1   | Reached skill level 5 in Ice Magic
 16752 | Lair:1   | Identified the +1 robe of the Shining Light {Str+4 Dex-3}
 17353 | Lair:2   | Reached XP level 14. HP: 131/150 MP: 20/20
 17793 | Lair:2   | Found a staircase to the Snake Pit.
 18022 | Lair:2   | Noticed Amaemon
 18035 | Lair:2   | Killed Amaemon
 18640 | Lair:3   | Reached skill level 13 in Fighting
 18884 | Lair:3   | Found a staircase to the Swamp.
 19447 | Lair:4   | Found a frozen archway.
 19501 | IceCv    | Entered an ice cave
 20000 | IceCv    | Found an ancient bone altar of Kikubaaqudgha.
 20684 | IceCv    | Got the Tome of the Glacier
 21741 | Lair:4   | Found a staircase to the Slime Pits.
 21742 | Lair:4   | Found a viscous altar of Jiyva.
 22055 | Lair:5   | Entered Level 5 of the Lair of Beasts
 22324 | Lair:5   | Reached skill level 10 in Dodging
 22335 | Lair:5   | Reached XP level 15. HP: 115/162 MP: 14/21
 22647 | Orc:2    | Bought a granite talisman for 840 gold pieces
 23209 | Lair:5   | Reached skill level 14 in Fighting
 23446 | Lair:5   | Noticed Josephine
 23455 | Lair:5   | Killed Josephine
 24576 | Lair:5   | Identified the ring "Kullikog" {rPois rN++ Str-4 Dex+6
                  | Slay+2}
 24925 | D:11     | You fall into a shaft and drop 1 floor!
 26503 | D:13     | Found Komosippu's General Store.
 26553 | D:13     | Found a flickering gateway to a bazaar.
 26558 | Bazaar   | Entered a bazaar
 26572 | Bazaar   | Found Bigast's Distillery.
 26576 | Bazaar   | Bought a potion of heal wounds for 55 gold pieces
 26593 | Bazaar   | Found Road Gekh's Assorted Antiques.
 26593 | Bazaar   | Found Uvvubavo's Magic Scroll Shoppe.
 26597 | Bazaar   | Bought a scroll of blinking for 142 gold pieces
 26605 | Bazaar   | Bought a phial of floods for 640 gold pieces
 26605 | Bazaar   | Bought a scroll labelled BISSOMINUU for 16 gold pieces
 26618 | Bazaar   | Found Huleeno's Antique Weapon Emporium.
 26633 | Bazaar   | Found Nyklesob's Antique Armour Emporium.
 26633 | Bazaar   | Found Urifes Jai's Antique Weapon Shoppe.
 26644 | Bazaar   | Bought a runed orb for 276 gold pieces
 26689 | Bazaar   | Bought a scroll of fear for 76 gold pieces
 26689 | Bazaar   | Bought a scroll of teleportation for 57 gold pieces
 26689 | Bazaar   | Bought a scroll of revelation for 142 gold pieces
 26689 | Bazaar   | Bought a scroll of revelation for 142 gold pieces
 26695 | Bazaar   | Bought a scroll of blinking for 120 gold pieces
 26695 | Bazaar   | Bought a potion of curing for 48 gold pieces
 26710 | Bazaar   | Bought a potion of ambrosia for 88 gold pieces
 26710 | Bazaar   | Bought a potion of might for 44 gold pieces
 26816 | D:13     | Bought a book of Unlife for 468 gold pieces
 27464 | D:13     | Found Simezad's General Store.
 27832 | D:13     | Found a gate to the Vaults.
 27875 | D:13     | Reached skill level 15 in Fighting
 27882 | D:13     | Reached skill level 10 in Shapeshifting
 28074 | D:14     | Found a glowing golden altar of the Shining One.
 28529 | D:14     | Found a portal to a secret trove of treasure.
 28641 | D:14     | Found a runed translucent gate.
 28641 | D:14     | Found a runed translucent gate.
 28699 | D:14     | Found a runed translucent gate.
 28706 | D:14     | Learned a level 5 spell: Borgnjor's Vile Clutch
 29064 | D:15     | Entered Level 15 of the Dungeon
 29215 | D:15     | Reached XP level 16. HP: 161/176 MP: 22/22
 29527 | Snake:1  | Entered Level 1 of the Snake Pit
 29706 | Orc:2    | Bought a ring of poison resistance for 220 gold pieces
 30961 | Snake:1  | Found a sparkling altar of Nemelex Xobeh.
 31233 | Snake:1  | Noticed Azrael
 31243 | Snake:1  | Killed Azrael
 31913 | Snake:2  | Identified the serpent talisman of the Slightly Bent {rN+}
 31913 | Snake:2  | Noticed Aizul
 31947 | Snake:2  | Killed Aizul
 34152 | Snake:3  | Reached skill level 16 in Fighting
 35018 | Snake:3  | Found Luisk's Neck Hole.
 35225 | Snake:3  | Found Nepohem's Jewellery Emporium.
 35226 | Snake:3  | Found Qiroas Pug's Book Shop.
 35227 | Snake:3  | Found Miviog's Jewellery Emporium.
 35396 | Snake:4  | Entered Level 4 of the Snake Pit
 35657 | Snake:4  | Found a runed translucent gate.
 35658 | Snake:4  | Found a runed translucent gate.
 35658 | Snake:4  | Found a runed translucent gate.
 35659 | Snake:4  | Noticed Pooter's ghost (adept MiBe)
 35659 | Snake:4  | Noticed Vuskak's ghost (adept HuBe)
 35785 | Snake:4  | Noticed a nagaraja
 35803 | Snake:4  | Killed a nagaraja
 36764 | Snake:4  | Noticed a nagaraja
 36764 | Snake:4  | Noticed Vashnia
 36769 | Snake:4  | Noticed a nagaraja
 37082 | Snake:4  | Reached XP level 17. HP: 155/187 MP: 10/23
 38094 | Snake:4  | Got a serpentine rune of Zot
 38238 | Swamp:1  | Entered Level 1 of the Swamp
 38454 | Swamp:1  | Learned a level 1 spell: Apportation
 38463 | Swamp:1  | Identified the +2 arbalest of Fragile Peace {penet, rElec
                  | rPois Str+2}
 38566 | Swamp:1  | Noticed a tentacled monstrosity
 38568 | Swamp:1  | Found a transporter.
 38661 | Swamp:1  | Found a transporter.
 39636 | Swamp:2  | Identified the +4 whip "Vuehuudu" {elec, rC+ rCorr Int+2}
 39895 | Swamp:2  | Identified the +3 pair of boots of Pride {rPois Will+
                  | Dex+4}
 40075 | Swamp:2  | Reached skill level 15 in Shapeshifting
 41354 | Swamp:4  | Entered Level 4 of the Swamp
 41777 | Swamp:4  | Reached XP level 18. HP: 196/196 MP: 24/24
 42443 | Swamp:4  | Got a decaying rune of Zot
 43142 | D:15     | Found a staircase to the Depths.
 43512 | D:15     | Found a broken altar of Ashenzari.
 43843 | Vaults:1 | Entered Level 1 of the Vaults
 45435 | Vaults:1 | Reached skill level 15 in Unarmed Combat
 45437 | Vaults:1 | Reached skill level 17 in Fighting
 46353 | Vaults:2 | Found a runed translucent door.
 46601 | Vaults:2 | Reached XP level 19. HP: 209/209 MP: 19/25
 46953 | Vaults:2 | Found Icrid's Jewellery Emporium.
 46957 | Vaults:2 | Bought the ring of the Prince of Darkness {rF+ MP+9 Int+3}
                  | for 644 gold pieces
 47447 | Snake:3  | Bought a book of Lightning for 648 gold pieces
 47452 | Snake:3  | Learned a level 4 spell: Vhi's Electric Charge
 47745 | Vaults:3 | Found a transporter.
 47747 | Vaults:3 | Noticed an ancient lich
 47749 | Vaults:3 | Noticed Kog Saon's ghost (journeyman HOMo)
 47764 | Vaults:3 | Found a transporter.
 47820 | Vaults:3 | Reached skill level 1 in Translocations
 48444 | Vaults:3 | Reached skill level 5 in Spellcasting
 48673 | Vaults:3 | Reached skill level 1 in Necromancy
 48888 | Vaults:3 | Found a staircase to the Crypt.
 49149 | Vaults:3 | Reached skill level 18 in Fighting
 50276 | Vaults:4 | Reached skill level 1 in Earth Magic
 50463 | Vaults:4 | Reached XP level 20. HP: 223/223 MP: 22/27
 50500 | Vaults:4 | Reached skill level 5 in Necromancy
 51447 | Vaults:4 | Learned a level 6 spell: Death Channel
 51648 | Elf:1    | Entered Level 1 of the Elven Halls
 52303 | Elf:1    | Found a runed translucent gate.
 52303 | Elf:1    | Found a runed translucent gate.
 52303 | Elf:1    | Found a runed translucent gate.
 52307 | Elf:1    | Noticed Zeothysh's ghost (veteran FoEE)
 52439 | Elf:1    | Noticed Kirke
 52447 | Elf:1    | Killed Kirke
 52919 | Elf:1    | Identified the +2 flail of Zuffeb {pain, rF+ rC+}
 53131 | Elf:2    | Reached skill level 19 in Fighting
 53139 | Elf:2    | Paralysed by an air elemental for 1 turns
 53204 | Elf:2    | Noticed Roxanne
 53545 | Elf:2    | Found a runed translucent gate.
 53546 | Elf:2    | Found a runed translucent gate.
 53546 | Elf:2    | Found a runed translucent gate.
 53857 | Elf:2    | Killed Roxanne
 54419 | Elf:3    | Entered Level 3 of the Elven Halls
 54424 | Elf:3    | Upgraded the game from 0.31-a0-1447-g87ca8d402b to
                  | 0.31-a0-1469-gd420192249
 54623 | Elf:3    | Paralysed by an air elemental for 1 turns
 54626 | Elf:3    | Paralysed by an air elemental for 1 turns
 54705 | Elf:3    | Found Hesimoh's General Store.
 54742 | Elf:3    | Found Geosuf's Antique Armour Shoppe.
 54748 | Elf:3    | Bought an ancient robe for 205 gold pieces
 54748 | Elf:3    | Identified the +1 robe "Iful" {rElec} (You bought it in a
                  | shop on level 3 of the Elven Halls)
 54748 | Elf:3    | Bought a smoking orb for 504 gold pieces
 54748 | Elf:3    | Identified the orb of Defence {*Rage, Will+ Str+2} (You
                  | bought it in a shop on level 3 of the Elven Halls)
 54758 | Elf:3    | Reached XP level 21. HP: 233/233 MP: 28/28
 55038 | Elf:3    | Identified the ring of the Lobster {Ice rCorr Dex+3}
 55046 | Abyss:2  | Cast into level 2 of the Abyss (a deep elf sorcerer)
 55378 | Elf:3    | Escaped the Abyss
 55708 | Elf:3    | Found Enieczab's Jewellery Boutique.
 55871 | Elf:3    | Identified the ring "Seig" {rElec rF+ Will- MP+9 Int+3}
 55922 | Elf:3    | Reached skill level 20 in Fighting
 56169 | Elf:3    | Reached skill level 15 in Dodging
 56191 | Elf:3    | Reached skill level 10 in Necromancy
 56468 | Elf:3    | Got the Verses on Felsic Power
 56504 | Elf:3    | Identified the serpent talisman "Vysiylaf" {rF+ rC+ Slay-6}
 56540 | Elf:3    | Identified the +0 shortbow of Bitoonki {heavy, Str+3}
 56939 | Depths:1 | Entered Level 1 of the Depths
 57503 | Depths:1 | Identified the +4 scale mail of Sin {Harm Fly Int+5}
 57520 | Depths:1 | Found a one-way gate to the infinite horrors of the Abyss.
 57912 | Depths:1 | Found a white marble altar of Elyvilon.
 57913 | Depths:1 | Found a runed translucent door.
 58066 | Depths:1 | Found a gateway to Hell.
 58229 | Depths:2 | Noticed a golden dragon
 58229 | Depths:2 | Noticed a juggernaut
 58239 | Depths:2 | Reached skill level 1 in Throwing
 58242 | Depths:2 | Killed a golden dragon
 58243 | Depths:2 | Killed a juggernaut
 58244 | Depths:2 | Reached XP level 22. HP: 93/249 MP: 29/29
 58620 | Depths:2 | Identified the +3 rapier of Locus Delicti {spect, Int+3}
 59733 | Depths:2 | Reached skill level 21 in Fighting
 59876 | Depths:2 | Found a one-way gateway to a ziggurat.
 60992 | Depths:3 | Found a magical portal.
 61001 | WizLab   | Entered Lehudib's Moon Base
 61168 | WizLab   | Reached skill level 5 in Throwing
 61651 | WizLab   | Identified the ring of Suspicion {rN+ Stlth+}
 61668 | WizLab   | Gained mutation: You have hidden genetic defects. [a
                  | cacodemon]
 61669 | WizLab   | Gained mutation: Your magical capacity is low. (-10% MP) [a
                  | cacodemon]
 61722 | WizLab   | Lost mutation: You have hidden genetic defects. [potion of
                  | mutation]
 61722 | WizLab   | Lost mutation: Your magical capacity is low. (-10% MP)
                  | [potion of mutation]
 61722 | WizLab   | Gained mutation: You occasionally lose the ability to drink
                  | potions when taking damage. [potion of mutation]
 61722 | WizLab   | Gained mutation: Your mind is acute. (Int +4, Str/Dex -1)
                  | [potion of mutation]
 61722 | WizLab   | Gained mutation: You have supernaturally acute eyesight.
                  | (SInv) [potion of mutation]
 61829 | WizLab   | Found a transporter.
 62276 | WizLab   | Found a transporter.
 62379 | WizLab   | Reached XP level 23. HP: 262/262 MP: 26/30
 62751 | WizLab   | Identified the +1 cloak of Poor Excuses {rElec Str+2}
 62757 | WizLab   | Identified the +2 cloak "Idghuwico" {Harm Fly Int-5}
 63124 | Depths:2 | Lost mutation: Your mind is acute. (Int +4, Str/Dex -1)
                  | [potion of mutation]
 63124 | Depths:2 | Lost mutation: You have supernaturally acute eyesight.
                  | (SInv) [potion of mutation]
 63124 | Depths:2 | Lost mutation: You occasionally lose the ability to drink
                  | potions when taking damage. [potion of mutation]
 63124 | Depths:2 | Gained mutation: You are robust. (+10% HP) [potion of
                  | mutation]
 63124 | Depths:2 | Gained mutation: You are clumsy. (Dex -2) [potion of
                  | mutation]
 63124 | Depths:2 | Gained mutation: You are partially covered in iridescent
                  | scales. (AC +2) [potion of mutation]
 63500 | Depths:3 | Reached skill level 1 in Evocations
 63601 | Depths:3 | Reached skill level 22 in Fighting
 64002 | Depths:3 | Noticed a juggernaut
 64003 | Depths:3 | Identified the +7 chain mail "Trusted Companion" {rF+
                  | Int+4}
 64009 | Depths:3 | Killed a juggernaut
 64256 | Depths:4 | Entered Level 4 of the Depths
 64281 | Depths:4 | Noticed a juggernaut
 64289 | Depths:4 | Killed a juggernaut
 65053 | Depths:4 | Noticed a caustic shrike
 65055 | Depths:4 | Noticed a caustic shrike
 65057 | Depths:4 | Noticed a caustic shrike
 65067 | Depths:4 | Killed a caustic shrike
 65068 | Depths:4 | Killed a caustic shrike
 65280 | Depths:4 | Noticed a caustic shrike
 65282 | Depths:4 | Killed a caustic shrike
 65286 | Depths:4 | Killed a caustic shrike
 65879 | Depths:4 | Noticed Mennas
 65888 | Depths:4 | Killed Mennas
 65953 | Depths:4 | Found a stormy altar of Qazlal.
 66206 | Depths:4 | Noticed a golden dragon
 66215 | Depths:4 | Killed a golden dragon
 66316 | Depths:4 | Found a gate to the Realm of Zot.
 66720 | Elf:1    | Reached XP level 24. HP: 302/302 MP: 27/30
 66736 | Elf:1    | Killed Zeothysh's ghost
 66842 | Elf:1    | Identified the +0 hat of Moral Flaws {Stlth+}
 67133 | D:14     | Found a runed translucent gate.
 67133 | D:14     | Found a runed translucent gate.
 67142 | D:14     | Noticed Kibis's ghost (journeyman DsGl)
 67144 | D:14     | Found a runed translucent gate.
 67648 | Snake:4  | Killed Pooter's ghost
 67655 | Snake:4  | Killed Vuskak's ghost
 68354 | Vaults:2 | Identified the +4 hand axe of Ointment {drain, rElec rPois
                  | rF+ rC+}
 68496 | Vaults:3 | Killed an ancient lich
 68512 | Vaults:3 | Killed Kog Saon's ghost
 68752 | Vaults:3 | Identified the death talisman of Tenacity {rC+}
 68852 | Crypt:1  | Entered Level 1 of the Crypt
 68970 | Crypt:1  | Found a basalt altar of Yredelemnul.
 68992 | Crypt:1  | Reached skill level 23 in Fighting
 69003 | Crypt:1  | Reached skill level 5 in Evocations
 70671 | Crypt:3  | Entered Level 3 of the Crypt
 71206 | Crypt:3  | Identified a scroll of acquirement
 71413 | Crypt:3  | Got the Precepts of the Morgue
 71415 | Crypt:3  | Got Utewom's Grimoire of the Shivering Faeries
 71416 | Crypt:3  | Acquired 890 gold pieces
 71982 | Crypt:3  | Found an ancient bone altar of Kikubaaqudgha.
 71984 | Crypt:3  | Noticed a dread lich
 71989 | Crypt:3  | Paralysed by a dread lich for 3 turns
 71989 | Crypt:3  | Noticed a dread lich
 71995 | Crypt:3  | Killed a dread lich
 72001 | Crypt:3  | Killed a dread lich
 72048 | Crypt:3  | Got the Reference Book on the Fifth Circle and the Mortuary
 72056 | Crypt:3  | Noticed a dread lich
 72062 | Crypt:3  | Killed a dread lich
 72457 | Crypt:3  | Reached XP level 25. HP: 317/317 MP: 31/31
 72491 | Crypt:3  | Learned a level 6 spell: Conjure Ball Lightning
 72746 | Crypt:3  | Found a staircase to the Tomb.
 72774 | Crypt:3  | Identified the amulet of Wac Inas {rElec rF+ Regen+ rCorr
                  | Str-5}
 72787 | Crypt:3  | Identified the +3 leather armour "Xotwuw" {Str+2}
 72788 | Crypt:3  | Noticed a dread lich
 72796 | Crypt:3  | Killed a dread lich
 73330 | Vaults:5 | Entered Level 5 of the Vaults
 73651 | Vaults:4 | Reached skill level 24 in Fighting
 73953 | Vaults:5 | Identified the amulet "Hosi" {Harm rN+ Regen+ Int+3}
 74381 | Vaults:5 | Got a silver rune of Zot
 74723 | Vaults:5 | Identified the ring of the Dozen Spirits {rElec rF+ rN+
                  | rCorr}
 74923 | Vaults:5 | Identified the ring "Imo Laleabe" {rF+ AC+4 Int+3}
 75165 | Vaults:5 | Identified the ring "Maenont" {rCorr Int+2 Dex+2}
 75736 | Zot:1    | Entered Level 1 of the Realm of Zot
 76002 | Zot:1    | Reached skill level 10 in Air Magic
 76381 | Zot:1    | Identified the ring "Uniniz" {*Slow rPois rN+ Str+5 Int+6}
 77381 | Zot:2    | Reached XP level 26. HP: 332/332 MP: 33/33
 77389 | Zot:2    | Noticed an orb of fire
 77420 | Zot:2    | Gained mutation: Your body sometimes deteriorates upon
                  | taking damage. [an orb of fire]
 77422 | Zot:2    | Gained mutation: You are weak. (Str -2) [an orb of fire]
 77426 | Zot:2    | Gained mutation: You have hidden genetic defects. [an orb
                  | of fire]
 77431 | Zot:2    | Gained mutation: You occasionally shout uncontrollably at
                  | your foes. [an orb of fire]
 77437 | Zot:2    | Killed an orb of fire
 77687 | Zot:2    | Lost mutation: You are robust. (+10% HP) [potion of
                  | mutation]
 77687 | Zot:2    | Lost mutation: You occasionally shout uncontrollably at
                  | your foes. [potion of mutation]
 77687 | Zot:2    | Gained mutation: You possess an exceptional clarity of
                  | mind. [potion of mutation]
 77687 | Zot:2    | Lost mutation: You are weak. (Str -2) [potion of mutation]
 77687 | Zot:2    | Gained mutation: You are mostly covered in iridescent
                  | scales. (AC +4) [potion of mutation]
 78575 | Zot:2    | Learned a level 5 spell: Irradiate
 79325 | Zot:3    | Gained mutation: Your magical capacity is low. (-10% MP)
                  | [hidden defects]
 79949 | Zot:3    | Noticed an orb of fire
 80279 | Zot:3    | Reached skill level 10 in Conjurations
 80539 | Zot:3    | Killed an orb of fire
 80543 | Zot:3    | Gained mutation: Your magical capacity is very low. (-20%
                  | MP) [hidden defects]
 80543 | Zot:3    | Lost mutation: You have hidden genetic defects. [hidden
                  | defects expressed]
 80671 | Zot:3    | Reached skill level 25 in Fighting
 81350 | Zot:4    | Learned a level 7 spell: Orb of Destruction
 81954 | Zot:4    | Reached XP level 27. HP: 263/314 MP: 11/28
 82645 | Zot:4    | Noticed a dread lich
 82650 | Zot:4    | Noticed a dread lich
 82654 | Zot:4    | Killed a dread lich
 82658 | Zot:4    | Gained mutation: You are dopey. (Int -2) [a cacodemon]
 82659 | Zot:4    | Noticed a dread lich
 82664 | Zot:4    | Noticed a dread lich
 82665 | Zot:4    | Killed a dread lich
 82667 | Zot:4    | Killed a dread lich
 82675 | Zot:4    | Killed a dread lich
 83322 | Zot:5    | Entered Level 5 of the Realm of Zot
 83859 | Zot:5    | Noticed an orb of fire
 83893 | Zot:5    | Noticed an orb of fire
 83902 | Zot:5    | Killed an orb of fire
 83905 | Zot:5    | Killed an orb of fire
 83907 | Zot:5    | Noticed an ancient lich
 83927 | Zot:5    | Reached skill level 10 in Spellcasting
 83947 | Zot:5    | Killed an ancient lich
 84032 | Zot:5    | Noticed a dread lich
 84119 | Zot:5    | Noticed an orb of fire
 84171 | Zot:5    | Noticed an orb of fire
 84224 | Zot:5    | Got the Orb of Zot
 84270 | Zot:5    | Noticed Gieseow the pandemonium lord
 84277 | Zot:5    | Killed Gieseow the pandemonium lord
 84299 | Zot:5    | Noticed a seraph
 84323 | Zot:4    | Identified the +6 tower shield of Resonance {Fly rElec
                  | Stlth+}
 84432 | Zot:1    | Noticed Keuqet the pandemonium lord
 84836 | D:4      | Killed Sigmund
 84842 | D:4      | Noticed Setso the pandemonium lord
 84905 | D:2      | Noticed Hishif the pandemonium lord
 84971 | D:$      | Escaped with the Orb!

Illustrated notes

Levels and vault maps discovered:
D:1:      dpeg_arrival_concentric_ovals, layout_basic,
          ebering_ecumenical_altar_petrified
D:2:      layout_rooms, basic_altar, minmay_increasing_density
D:3:      layout_loops_ring
D:4:      layout_loops_ring, minitemple, uniq_sigmund, uniq_duvessa
D:5:      minmay_angry_zag, layout_gridville, lemuel_tele_altar, uniq_ijyb
D:6:      layout_layer_cave, minmay_temple_entry_stoned_glass, grunt_decor_cap
D:7:      layout_basic, nicolae_overflow_guarded_unrand_okawaru_victory,
          minmay_shop_enchanted_jewellery
D:8:      layout_gridville, amcnicky_mini_pool_medium, uniq_jeremiah
D:9:      layout_basic, nicolae_hepliaklqana_hazy_memory, orc_0_dummy,
          enter_bailey_3
D:10:     layout_basic, lair_entry_dummy, uniq_lodul, uniq_erica, uniq_erolcha
D:11:     layout_stronghold
D:12:     layout_irregular_city
D:13:     layout_loops_corners, skrybe_vaults_entry_preservation, serial_shops,
          bzr_entry_water, nicolae_shop_rolling_square,
          nicolae_shop_tiny_real_fake_doors
D:14:     layout_rooms, ploomutoo_gammafunk_ghost_potion_laboratory,
          enter_trove_1, nicolae_water_bricks, tso_metal_star
D:15:     gammafunk_depths_entry_grave, layout_loops_cross, ashenzari_altar_1
Lair:1:   layout_gridlike, serial_bayou_crossing
Lair:2:   layout_hall_layers, minmay_snake_entry_guardpost_small, uniq_amaemon
Lair:3:   layout_cave_pods, minmay_swamp_entry_swarm, serial_bayou_shore_b
Lair:4:   layout_roguey, slime_entry_1, portal_ice_cave_entry_imps
Lair:5:   evilmike_catoblepas_cave, layout_cave_pods,
          dreamdust_mushroom_princess, uniq_josephine
Swamp:1:  gammafunk_sealed_arena, layout_basic_swamp, nicolae_swamp_triple_paths
Swamp:2:  nicolae_swamp_standing_stones, layout_falls_marsh,
          evilmike_swamp_ruin_house_5, swamp_pool_1_2
Swamp:3:  layout_basic_swamp, nicolae_swamp_reclaimed_castle
Swamp:4:  swamp_icy, layout_basic_swamp, swamp_pool_1_2
Snake:1:  layout_cave_pods, lemuel_oklob_altar, serial_bayou_shore_a,
          lemuel_fruit_tree, serial_bayou_shore_b, uniq_azrael
Snake:2:  layout_cave_pods, nicolae_triple_integral, uniq_aizul
Snake:3:  layout_gridlike, nicolae_shop_sticking_my_neck_out,
          grunt_megastairs_1, minmay_shop_grove
Snake:4:  johnstein_snake_rune_scales, layout_cave_town,
          gammafunk_ghost_cemetery
Orc:1:    minmay_goldmine, layout_caves
Orc:2:    pf_orc_diabolical, layout_diamond_mine, serial_shops,
          nicolae_shop_gaudy_bauble, uniq_jorgrun, uniq_saint_roka
Elf:1:    layout_gridlike, gammafunk_ghost_tricky_traps,
          nicolae_elf_shapeshifter_party, dreamdust_princess_bridge,
          elves_outpost_lemuel, uniq_kirke
Elf:2:    nicolae_elf_blades_crystal_corner, layout_loops_ring, uniq_roxanne
Elf:3:    minmay_elf_hall_furrowed, layout_rooms, serial_shops,
          nicolae_shop_stone, nicolae_shop_gaudy_bauble, shop, fountainhead
Vaults:1: nicolae_vaults_storage_closets_2, hangedman_vaults_trim,
          hangedman_vaults_corner_blocks, ontoclasm_vaults_decontamination,
          nicolae_vaults_stepped_doors, nicolae_vaults_tetromino_L_2,
          vaults_room_fours, nicolae_vaults_border_crossing,
          ontoclasm_vaults_gateway, nicolae_vaults_heart-shaped_vault,
          vaults_room_pool, nicolae_vaults_security_offices_1,
          nicolae_vaults_storage_room_doors, layout_vaults_omnicross
Vaults:2: nicolae_vaults_trapezoid_1, nicolae_vaults_hallways_thing, v_misc_8,
          nicolae_vaults_oozy_zoo, nicolae_vaults_trapezoid_lopsided_3,
          vaults_room_fours, vaults_dpeg_encased_lava, layout_vaults_omnigrid,
          serial_shops, nicolae_shop_back_alley_shop
Vaults:3: nzn_ghost_randoct, hangedman_vaults_impose, nicolae_vaults_alarming,
          v_pattern_3, minmay_crypt_entry_simple_box, nicolae_vaults_turnstiles,
          nicolae_vaults_three_branches, nicolae_vaults_closet_pinwheel_2,
          nicolae_vaults_network_square, nicolae_vaults_double_plus_3,
          nicolae_vaults_apartment_1, nicolae_vaults_tetromino_Z_1,
          nicolae_vaults_tetromino_Z_2, grunt_vaults_hallway_short,
          layout_vaults_maze_bifur
Vaults:4: nicolae_vaults_two_Ls, v_misc_4, ontoclasm_vaults_ring_square,
          ontoclasm_vaults_eye, v_misc_1, ontoclasm_vaults_bender,
          hangedman_vaults_capsules, nicolae_vaults_shelves_hall,
          nicolae_vaults_trapezoid_lopsided_3, nicolae_vaults_enemy_cabinets,
          v_misc_8, nicolae_vaults_apartment_1, nicolae_vaults_weapon_check,
          nicolae_vaults_tangram_2, layout_vaults_omnibox, serial_glass
Vaults:5: serial_shops
Crypt:1:  layout_chaotic_city, basic_altar, st_stairs_8, minivault_27,
          grunt_megastairs_5, grunt_crypt_arrival_split
Crypt:2:  layout_rooms
Crypt:3:  quadcrypt_mu
Depths:1: layout_cave_pools, pan_entry, minmay_room_of_horrors, hell_entry,
          lemuel_angel_altar
Depths:2: minmay_ambush_box, layout_cave_shapes, enter_ziggurat_e,
          roderic_malta_cross, rand_demon_pan_entry_3, hell_entry,
          infiniplex_staircase_9_rooms
Depths:3: minmay_inside_and_out, layout_cave_pools, mu_enter_wizlab_5,
          hell_entry, abyss_entry, grunt_decor_mini_mirrors,
          kilobyte_mutagenic_chamber
Depths:4: evilmike_zot_entry_gauntlet, layout_gridlike, pf_dread_powers_of_hell,
          nicolae_qazlal_eye_of_the_storm, due_unseen_surprise, uniq_mennas
Zot:1:    layout_twisted_circle, regret_index_zotdec_silver_v_v_loose
Zot:2:    layout_cathedral_of_symmetry
Zot:3:    layout_onion, nicolae_zig_zag_zippers
Zot:4:    hellmonk_paralyzer, layout_basic, nicolae_zot_crop_circle
Zot:5:    layout_twisted_circle, hangedman_zot_decor_scrapings, st_stairs_3

Skill      XL: |  1  2  3  4  5  6  7  8  9 10 11 12 13 14 15 16 17 18 19 20 21 22 23 24 25 26 27 |
---------------+----------------------------------------------------------------------------------+-----
Unarmed Combat | 3 4 5 6 7 8 9 10 11 12 13 14 15 16 17 18 19 20 | 20.7
Shapeshifting  | 4 5 6 7 8 10 12 16 17 18 19 20 21 | 21.6
Dodging        | 3 4 5 7 8 9 10 11 12 13 14 15 16 17 18 19 | 19.4
Fighting       | 3 6 7 9 11 12 13 15 16 17 18 19 20 21 22 23 24 25 | 25.9
Air Magic      | 1 3 5 6 7 8 10 11 | 11.0
Alchemy        | 1 3 |  3.2
Conjurations   | 1 2 3 4 6 7 9 10 12 | 12.3
Spellcasting   | 1 3 4 5 7 9 10 | 10.6
Ice Magic      | 1 3 5 6 |  6.8
Translocations | 4 |  4.0
Necromancy     | 4 8 11 12 13 | 13.0
Earth Magic    | 1 2 |  2.5
Throwing       | 1 5 |  5.0
Evocations     | 4 5 |  5.0

Action                     |  1- 3 |  4- 6 |  7- 9 | 10-12 | 13-15 | 16-18 | 19-21 | 22-24 | 25-27 || total
---------------------------+-------+-------+-------+-------+-------+-------+-------+-------+-------++-------
  Melee: Unarmed           |    81 |   129 |   218 |   475 |   706 |   675 |   855 |  1013 |   801 ||  4953
         Headbutt          |    10 |    23 |    41 |   113 |   190 |   149 |   163 |   276 |   223 ||  1188
         Punch             |     1 |     4 |     6 |    35 |    75 |    18 |       |       |       ||   139
  Throw: Large rock        |       |       |       |       |       |       |       |     9 |     5 ||    14
   Cast: Mercury Vapours   |       |     3 |    36 |    42 |    40 |    12 |     1 |       |       ||   134
         Mephitic Cloud    |       |       |       |    40 |    36 |       |    12 |     3 |       ||    91
         Freezing Cloud    |       |       |       |       |    51 |   131 |    49 |    29 |    39 ||   299
         Vhi's Electric Ch |       |       |       |       |       |       |    12 |    40 |    33 ||    85
         Death Channel     |       |       |       |       |       |       |     6 |    21 |    13 ||    40
         Borgnjor's Vile C |       |       |       |       |       |       |     2 |       |       ||     2
         Apportation       |       |       |       |       |       |       |     1 |       |     1 ||     2
         Conjure Ball Ligh |       |       |       |       |       |       |       |       |     2 ||     2
         Irradiate         |       |       |       |       |       |       |       |       |    10 ||    10
 Invoke: Potion Petition   |       |       |       |     1 |       |     2 |       |       |       ||     3
         Call Merchant     |       |       |       |       |     1 |       |       |       |       ||     1
         Bribe Branch      |       |       |       |       |       |       |       |       |     7 ||     7
  Evoke: Wand              |       |     3 |     4 |       |     1 |     1 |       |       |     3 ||    12
         Condenser vane    |       |       |       |       |     1 |       |       |       |       ||     1
    Use: Scroll            |       |     6 |    11 |     5 |     9 |     8 |     1 |     4 |     5 ||    49
         Potion            |       |       |     3 |       |     1 |       |     3 |    10 |     8 ||    25
   Stab: Distracted        |       |     2 |     1 |     3 |     2 |     2 |    10 |     6 |     7 ||    33
         Confused          |       |       |       |    18 |    22 |       |     1 |       |       ||    41
         Invisible         |       |       |       |       |     1 |       |       |       |       ||     1
 Armour: Animal skin       |    41 |    77 |    64 |       |       |       |       |       |       ||   182
         Skin              |       |       |    40 |       |       |   681 |  1017 |  1111 |  1279 ||  4128
         Robe              |       |       |    21 |   172 |   307 |   126 |       |       |       ||   626
  Dodge: Dodged            |    33 |    42 |   110 |   247 |   331 |   646 |   740 |   736 |   802 ||  3687
  Block: Other             |       |       |     8 |    78 |    96 |    38 |       |       |       ||   220
         Reflection        |       |       |     1 |     2 |     6 |    10 |       |       |       ||    19
   Form: Flux              |       |       |     1 |       |       |       |       |       |       ||     1
         Beast             |       |       |     1 |       |       |       |       |       |       ||     1
         Statue            |       |       |       |       |       |     1 |       |     1 |       ||     2
         Maw               |       |       |       |       |       |     1 |       |       |       ||     1
                           |       |       |       |       |       |       |       |     1 |       ||     1

Table legend: (Time is in decaauts)
 A = Elapsed time spent in this place.
 B = Non-inter-level travel time spent in this place.
 C = Inter-level travel time spent in this place.
 D = Time resting spent in this place.
 E = Time spent auto-exploring this place.
 F = Levels seen in this place.
 G = Mean time per level.
                   A        B        C        D        E       F      G
               +--------+--------+--------+--------+--------+-----+--------+
         Total | 107413 |  98347 |   9066 |  30868 |  22531 |  55 | 1953.0 |
       Dungeon |  20674 |  17834 |   2840 |   4388 |   7732 |  15 | 1378.3 |
          Lair |   7607 |   6189 |   1418 |   1351 |   1530 |   5 | 1521.4 |
         Swamp |   6929 |   6623 |    306 |   1914 |   1591 |   4 | 1732.2 |
     Snake Pit |  10294 |   9545 |    749 |   4463 |    973 |   4 | 2573.5 |
  Orcish Mines |   3779 |   3395 |    384 |   1147 |    284 |   2 | 1889.5 |
   Elven Halls |   7497 |   6927 |    570 |   1289 |   2503 |   3 | 2499.0 |
        Vaults |  14555 |  13592 |    963 |   4531 |   2968 |   5 | 2911.0 |
         Crypt |   6421 |   6064 |    357 |   1505 |   1504 |   3 | 2140.3 |
        Depths |  11157 |  10199 |    958 |   3691 |   1605 |   4 | 2789.2 |
           Zot |  12934 |  12417 |    517 |   4947 |   1465 |   5 | 2586.8 |
         Abyss |    462 |    462 |      0 |     55 |      0 |   1 |  462.0 |
        Bazaar |    205 |    205 |      0 |      0 |      0 |   1 |  205.0 |
        Bailey |    694 |    694 |      0 |     87 |     83 |   1 |  694.0 |
      Ice Cave |   1537 |   1537 |      0 |    657 |      0 |   1 | 1537.0 |
        Wizlab |   2662 |   2662 |      0 |    839 |    289 |   1 | 2662.0 |
               +--------+--------+--------+--------+--------+-----+--------+

Top non-repeatable levels by time:
   Zot:2: 5016 daAuts
Depths:2: 4275 daAuts
Vaults:4: 3931 daAuts
 Snake:4: 3763 daAuts
 Crypt:3: 3709 daAuts
Depths:4: 3384 daAuts
   Zot:4: 3295 daAuts
 Snake:3: 3086 daAuts
Vaults:3: 3043 daAuts
Vaults:2: 2712 daAuts
  WizLab: 2662 daAuts
   Orc:2: 2613 daAuts
   Elf:3: 2590 daAuts
Vaults:1: 2565 daAuts
   Elf:2: 2455 daAuts
